| TOP OF THE 1ST |
|
Savannah Indians batting - Pitching for Mobile Bears : RHP Antonio Morales
|
|
Pitching: RHP Antonio Morales
|
|
|
Batting: RHB Angel Salazar
|
0-0: Foul Ball, location: 2F 0-1: Ball 1-1: Foul Ball, location: 2F 1-2: Ball 2-2: Fly out, F7 (Line Drive, 7, EV 98.1 MPH)
|
|
Batting: LHB Kelvin Torve
|
0-0: Called Strike 0-1: DOUBLE (Flyball, 78XD, EV 110.6 MPH)
|
|
Batting: RHB Jim Paciorek
|
0-0: Ball 1-0: Called Strike Kelvin Torve is caught stealing 3rd base 2-5 1-1: Ball 2-1: Foul Ball, location: 2F 2-2: SINGLE (Line Drive, 34D, EV 105.0 MPH)
|
|
Batting: RHB Wade Rowdon
|
0-0: Swinging Strike 0-1: Foul Ball, location: 2F 0-2: Ground out 4-3 (Groundball, 34, EV 105.0 MPH)
|
| Top of the 1st over - 0 runs, 2 hits, 0 errors, 1 left on base; Savannah 0 - Mobile 0 |
| BOTTOM OF THE 1ST |
|
Mobile Bears batting - Pitching for Savannah Indians : RHP Jose Guzman
|
|
Pitching: RHP Jose Guzman
|
|
|
Batting: LHB Jeffrey Szczecinski
|
0-0: Ball 1-0: Swinging Strike 1-1: Ball 2-1: Foul Ball, location: 2F 2-2: SINGLE (Groundball, 34D, EV 103.1 MPH)
|
|
Batting: RHB Bob Hendershot
|
0-0: SINGLE (Groundball, P, EV 81.9 MPH) (infield hit) Jeffrey Szczecinski to second
|
|
Batting: LHB Franklin Stubbs
|
0-0: Called Strike 0-1: Ball 1-1: SINGLE (Line Drive, 6MD, EV 108.8 MPH) Jeffrey Szczecinski to third Bob Hendershot to second
|
|
Batting: SHB Dave Cochrane
|
0-0: Swinging Strike 0-1: Swinging Strike 0-2: Ball 1-2: Fly out, F8 (Flyball, 8LD, EV 94.4 MPH) Runner from 3rd tags up, OUT at HOME! 8-2 Bob Hendershot to third Franklin Stubbs to second
|
|
Batting: LHB Ken Smith
|
0-0: Ball 1-0: Ball 2-0: SINGLE (Groundball, 4MS, EV 68.1 MPH) (infield hit) Bob Hendershot scores Franklin Stubbs to third
|
|
Batting: RHB Jose Aguirre
|
0-0: Ball 1-0: Ball 2-0: SINGLE (Groundball, 4MD, EV 103.8 MPH) Franklin Stubbs scores Ken Smith to second
|
|
Batting: SHB Paul Hundhammer
|
0-0: Ball 1-0: Fly out, F5 (Popup, 5, EV 80.0 MPH)
|
| Bottom of the 1st over - 2 runs, 5 hits, 0 errors, 2 left on base; Savannah 0 - Mobile 2 |
| TOP OF THE 2ND |
|
Savannah Indians batting - Pitching for Mobile Bears : RHP Antonio Morales
|
|
Batting: RHB Ramiro Gutierrez
|
0-0: Ball 1-0: Ground out U3 (Groundball, 3, EV 106.3 MPH)
|
|
Batting: LHB Roberto Hernandez
|
0-0: Called Strike 0-1: Ball 1-1: Ball 2-1: Foul Ball, location: 2F 2-2: Ball 3-2: Strikes out swinging
|
|
Batting: RHB Eddie Vargas
|
0-0: Ball 1-0: Ball 2-0: Hit by Pitch
|
|
Batting: RHB Mario Diaz
|
0-0: SINGLE (Line Drive, 6D, EV 103.1 MPH) Eddie Vargas to second Runner from 2nd tries for 3rd, SAFE, no throw by LF
|
|
Batting: RHB T.J. Johnson
|
0-0: Fly out, F8 (Line Drive, 8LM, EV 93.1 MPH)
|
| Top of the 2nd over - 0 runs, 1 hit, 0 errors, 2 left on base; Savannah 0 - Mobile 2 |
| BOTTOM OF THE 2ND |
|
Mobile Bears batting - Pitching for Savannah Indians : RHP Jose Guzman
|
|
Batting: RHB Rick Stromer
|
0-0: Ball 1-0: Ball 2-0: Foul Ball, location: 2F 2-1: Foul Ball, location: 2F 2-2: Ball 3-2: DOUBLE (Flyball, 78XD, EV 113.1 MPH)
|
|
Batting: RHB Jim Opie
|
0-0: Called Strike 0-1: Ball 1-1: Called Strike 1-2: Foul Ball, location: 2F 1-2: Foul Ball, location: 2F 1-2: Ground out 6-3 (Groundball, 6, EV 85.0 MPH) Rick Stromer to third
|
|
Batting: LHB Jeffrey Szczecinski
|
0-0: Ball 1-0: Fly out, F8 (Line Drive, 8LM, EV 100.0 MPH) Runner from 3rd tags up, SCORES, no throw by CF
|
|
Batting: RHB Bob Hendershot
|
0-0: Called Strike 0-1: Foul Ball, location: 2F 0-2: Fly out, F8 (Flyball, 89M, EV 97.5 MPH)
|
| Bottom of the 2nd over - 1 run, 1 hit, 0 errors, 0 left on base; Savannah 0 - Mobile 3 |
| TOP OF THE 3RD |
|
Savannah Indians batting - Pitching for Mobile Bears : RHP Antonio Morales
|
|
Batting: RHB Angel Salazar
|
0-0: Foul Ball, location: 2F 0-1: Foul Ball, location: 2F 0-2: Ball 1-2: Ball 2-2: SINGLE (Groundball, 56S, EV 73.1 MPH) (infield hit)
|
|
Batting: LHB Kelvin Torve
|
0-0: Called Strike 0-1: DOUBLE (Flyball, 89D, EV 96.9 MPH) Angel Salazar to third
|
|
Batting: RHB Jim Paciorek
|
0-0: Ball 1-0: Ball 2-0: Foul Ball, location: 2F 2-1: Foul Ball, location: 2F 2-2: Ball 3-2: Foul Ball, location: 2F 3-2: Foul Ball, location: 2F 3-2: Strikes out swinging
|
|
Batting: RHB Wade Rowdon
|
0-0: Called Strike 0-1: DOUBLE (Line Drive, 9LM, EV 99.4 MPH) Angel Salazar scores Kelvin Torve scores
|
|
Batting: RHB Ramiro Gutierrez
|
0-0: Fly out, F7 (Flyball, 7D, EV 87.5 MPH)
|
|
Batting: LHB Roberto Hernandez
|
0-0: Called Strike 0-1: Ball 1-1: Fly out, F8 (Flyball, 8RM, EV 87.5 MPH)
|
| Top of the 3rd over - 2 runs, 3 hits, 0 errors, 1 left on base; Savannah 2 - Mobile 3 |
| BOTTOM OF THE 3RD |
|
Mobile Bears batting - Pitching for Savannah Indians : RHP Jose Guzman
|
|
Batting: LHB Franklin Stubbs
|
0-0: Called Strike 0-1: SINGLE (Line Drive, 7S, EV 106.9 MPH)
|
|
Batting: SHB Dave Cochrane
|
0-0: Ball 1-0: Ball 2-0: Foul Ball, location: 2F 2-1: Foul Ball, location: 2F 2-2: Grounds into double play, 4-6-3 (Groundball, 4D, EV 101.9 MPH)
|
|
Batting: LHB Ken Smith
|
0-0: Called Strike 0-1: Ball 1-1: Ball 2-1: Ball 3-1: Base on Balls
|
|
Batting: RHB Jose Aguirre
|
0-0: Swinging Strike 0-1: Fielders Choice at 2nd, 6-4 (Groundball, 6, EV 90.0 MPH)
|
| Bottom of the 3rd over - 0 runs, 1 hit, 0 errors, 1 left on base; Savannah 2 - Mobile 3 |
| TOP OF THE 4TH |
|
Savannah Indians batting - Pitching for Mobile Bears : RHP Antonio Morales
|
|
Batting: RHB Eddie Vargas
|
0-0: Swinging Strike 0-1: Fly out, F9 (Flyball, 89M, EV 78.8 MPH)
|
|
Batting: RHB Mario Diaz
|
0-0: Ball 1-0: Ball 2-0: Swinging Strike 2-1: Ground out 4-3 (Groundball, 34, EV 78.8 MPH)
|
|
Batting: RHB T.J. Johnson
|
0-0: Foul Ball, location: 2F 0-1: Ball 1-1: Swinging Strike 1-2: Ball 2-2: Strikes out swinging
|
| Top of the 4th over - 0 runs, 0 hits, 0 errors, 0 left on base; Savannah 2 - Mobile 3 |
| BOTTOM OF THE 4TH |
|
Mobile Bears batting - Pitching for Savannah Indians : RHP Jose Guzman
|
|
Batting: SHB Paul Hundhammer
|
0-0: Swinging Strike 0-1: SINGLE (Line Drive, 9S, EV 110.0 MPH)
|
|
Batting: RHB Rick Stromer
|
0-0: Ball 1-0: Grounds into double play, 5-4-3 (Groundball, 56, EV 96.9 MPH)
|
|
Batting: RHB Jim Opie
|
0-0: Called Strike 0-1: Foul Ball, location: 2F 0-2: Foul Ball, location: 2F 0-2: Strikes out swinging
|
| Bottom of the 4th over - 0 runs, 1 hit, 0 errors, 0 left on base; Savannah 2 - Mobile 3 |
| TOP OF THE 5TH |
|
Savannah Indians batting - Pitching for Mobile Bears : RHP Antonio Morales
|
|
Batting: RHB Angel Salazar
|
0-0: Ball 1-0: Fly out, F9 (Flyball, 9S, EV 89.4 MPH)
|
|
Batting: LHB Kelvin Torve
|
0-0: Foul Ball, location: 2F 0-1: DOUBLE (Groundball, 5L, EV 95.0 MPH)
|
|
Batting: RHB Jim Paciorek
|
0-0: Called Strike 0-1: Ball 1-1: Foul Ball, location: 2F 1-2: Ball 2-2: Ball 3-2: Base on Balls
|
|
Batting: RHB Wade Rowdon
|
0-0: Swinging Strike 0-1: Foul Ball, location: 2F 0-2: Ball 1-2: Strikes out swinging
|
|
Batting: RHB Ramiro Gutierrez
|
0-0: SINGLE (Groundball, 4MD, EV 106.3 MPH) Kelvin Torve to third Jim Paciorek to second Runner from 3rd tries for Home, throw by CF and OUT! 8-2
|
| Top of the 5th over - 0 runs, 2 hits, 0 errors, 2 left on base; Savannah 2 - Mobile 3 |
| BOTTOM OF THE 5TH |
|
Mobile Bears batting - Pitching for Savannah Indians : RHP Jose Guzman
|
|
Batting: LHB Jeffrey Szczecinski
|
0-0: Reached on error, E6 (Groundball, 6MS, EV 73.8 MPH)
|
|
Batting: RHB Bob Hendershot
|
0-0: Foul Ball, location: 2F 0-1: Fly out, F8 (Line Drive, 8RM, EV 95.6 MPH)
|
|
Batting: LHB Franklin Stubbs
|
0-0: 2-RUN HOME RUN (Flyball, 78XD, EV 101.3 MPH), Distance : 406 ft
|
|
Batting: SHB Dave Cochrane
|
0-0: SOLO HOME RUN (Flyball, 9D, EV 101.9 MPH), Distance : 352 ft
|
|
Pitching: RHP Jack G Hardy
|
|
|
Batting: LHB Ken Smith
|
0-0: Called Strike 0-1: Called Strike 0-2: Ball 1-2: Fly out, F7 (Flyball, 7LD, EV 106.9 MPH)
|
|
Batting: RHB Jose Aguirre
|
0-0: Ball 1-0: Ground out 3-1 (Groundball, 34, EV 89.4 MPH)
|
| Bottom of the 5th over - 3 runs, 2 hits, 1 error, 0 left on base; Savannah 2 - Mobile 6 |
| TOP OF THE 6TH |
|
Savannah Indians batting - Pitching for Mobile Bears : RHP Antonio Morales
|
|
Batting: LHB Roberto Hernandez
|
0-0: Ground out 3-1 (Groundball, 34, EV 103.8 MPH)
|
|
Batting: RHB Eddie Vargas
|
0-0: Ball 1-0: Called Strike 1-1: Foul Ball, location: 2F 1-2: Ball 2-2: Strikes out swinging
|
|
Batting: RHB Mario Diaz
|
0-0: Ball 1-0: Fly out, F9 (Flyball, 89XD, EV 100.6 MPH)
|
| Top of the 6th over - 0 runs, 0 hits, 0 errors, 0 left on base; Savannah 2 - Mobile 6 |
| BOTTOM OF THE 6TH |
|
Mobile Bears batting - Pitching for Savannah Indians : RHP Jack G Hardy
|
|
Batting: SHB Paul Hundhammer
|
0-0: Ball 1-0: Swinging Strike 1-1: Swinging Strike 1-2: Strikes out swinging
|
|
Batting: RHB Rick Stromer
|
0-0: Foul Ball, location: 2F 0-1: Ball 1-1: Ball 2-1: Fly out, F9 (Flyball, 9S, EV 91.3 MPH)
|
|
Batting: RHB Jim Opie
|
0-0: Foul Ball, location: 2F 0-1: Ball 1-1: Called Strike 1-2: Ball 2-2: Ground out 6-3 (Groundball, 6, EV 102.5 MPH)
|
| Bottom of the 6th over - 0 runs, 0 hits, 0 errors, 0 left on base; Savannah 2 - Mobile 6 |
| TOP OF THE 7TH |
|
Savannah Indians batting - Pitching for Mobile Bears : RHP Antonio Morales
|
|
Batting: RHB T.J. Johnson
|
0-0: Ball 1-0: Foul Ball, location: 2F 1-1: Swinging Strike 1-2: Ball 2-2: Ground out 5-3 (Groundball, 56S, EV 82.5 MPH)
|
|
Batting: RHB Angel Salazar
|
0-0: Ball 1-0: Ball 2-0: Called Strike 2-1: DOUBLE (Line Drive, 5D, EV 106.9 MPH)
|
|
Batting: LHB Kelvin Torve
|
0-0: Called Strike 0-1: Ball 1-1: Swinging Strike 1-2: DOUBLE (Flyball, 8RXD, EV 95.6 MPH) Angel Salazar scores
|
|
Batting: RHB Jim Paciorek
|
0-0: Ball 1-0: Ball 2-0: Called Strike 2-1: Ball 3-1: Foul Ball, location: 2F 3-2: Ground out 6-3 (Groundball, 4MS, EV 90.0 MPH) Kelvin Torve to third
|
|
Batting: RHB Wade Rowdon
|
0-0: Called Strike 0-1: Ball 1-1: Fly out, F4 (Popup, 4M, EV 55.6 MPH)
|
| Top of the 7th over - 1 run, 2 hits, 0 errors, 1 left on base; Savannah 3 - Mobile 6 |
| BOTTOM OF THE 7TH |
|
Mobile Bears batting - Pitching for Savannah Indians : RHP Jack G Hardy
|
|
Batting: LHB Jeffrey Szczecinski
|
0-0: Ball 1-0: Fly out, F9 (Flyball, 9S, EV 78.8 MPH)
|
|
Batting: RHB Bob Hendershot
|
0-0: Swinging Strike 0-1: Swinging Strike 0-2: Strikes out swinging
|
|
Batting: LHB Franklin Stubbs
|
0-0: Foul Ball, location: 2F 0-1: Fly out, F6 (Flyball, 6D, EV 89.4 MPH)
|
| Bottom of the 7th over - 0 runs, 0 hits, 0 errors, 0 left on base; Savannah 3 - Mobile 6 |
| TOP OF THE 8TH |
|
Savannah Indians batting - Pitching for Mobile Bears : RHP Antonio Morales
|
|
Batting: RHB Ramiro Gutierrez
|
0-0: Ball 1-0: Ball 2-0: Ground out U3 (Groundball, 34, EV 101.3 MPH)
|
|
Batting: LHB Roberto Hernandez
|
0-0: Called Strike 0-1: Foul Ball, location: 2F 0-2: Foul Ball, location: 2F 0-2: Ball 1-2: Ball 2-2: Foul Ball, location: 2F 2-2: Foul Ball, location: 2F 2-2: Strikes out swinging
|
|
Batting: RHB Eddie Vargas
|
0-0: Called Strike 0-1: Foul Ball, location: 2F 0-2: Ball 1-2: Ball 2-2: Ball 3-2: Strikes out looking
|
| Top of the 8th over - 0 runs, 0 hits, 0 errors, 0 left on base; Savannah 3 - Mobile 6 |
| BOTTOM OF THE 8TH |
|
Mobile Bears batting - Pitching for Savannah Indians : RHP Jack G Hardy
|
|
Batting: SHB Dave Cochrane
|
0-0: Ball 1-0: Ball 2-0: SINGLE (Line Drive, 7S, EV 100.0 MPH)
|
|
Batting: LHB Ken Smith
|
0-0: Foul Ball, location: 2F 0-1: Ball 1-1: Ball 2-1: Ball 3-1: Base on Balls Dave Cochrane to second
|
|
Batting: RHB Jose Aguirre
|
0-0: Bunt missed! 0-1: Bunt missed! 0-2: Foul Ball, location: 2F 0-2: Strikes out looking
|
|
Batting: SHB Paul Hundhammer
|
0-0: Fielders Choice at 2nd, 4-6 (Groundball, 4M, EV 102.5 MPH) Dave Cochrane to third
|
|
Batting: RHB Rick Stromer
|
0-0: Ball 1-0: Swinging Strike 1-1: Swinging Strike 1-2: Strikes out swinging
|
| Bottom of the 8th over - 0 runs, 1 hit, 0 errors, 2 left on base; Savannah 3 - Mobile 6 |
| TOP OF THE 9TH |
|
Savannah Indians batting - Pitching for Mobile Bears : RHP Antonio Morales
|
|
Pitching: RHP Dave S Smith
|
|
|
Batting: RHB Mario Diaz
|
0-0: Ball 1-0: Swinging Strike 1-1: DOUBLE (Flyball, 8RXD, EV 105.6 MPH)
|
|
Batting: RHB T.J. Johnson
|
0-0: Ground out 5-3 (Groundball, 56, EV 88.8 MPH)
|
|
Batting: RHB Angel Salazar
|
0-0: Ground out 6-3 (Groundball, 56, EV 83.1 MPH)
|
|
Batting: LHB Kelvin Torve
|
0-0: Ball 1-0: Swinging Strike 1-1: Foul Ball, location: 2F 1-2: Ball 2-2: Ball 3-2: Base on Balls
|
|
Batting: RHB Jim Paciorek
|
0-0: Called Strike 0-1: Ball 1-1: Fielders Choice at 2nd, U6 (Groundball, 6M, EV 89.4 MPH)
|
| Top of the 9th over - 0 runs, 1 hit, 0 errors, 2 left on base; Savannah 3 - Mobile 6 |
|